 Dungeon Crawl Stone Soup version 0.17-a0-1450-g7e755d1 (webtiles) character file.

92 Sirial the Chiller (level 4, -1/30 HPs)
             Began as a Demonspawn Ice Elementalist on June 30, 2015.
             Slain by a gnoll
             ... wielding a +0 halberd
              (2 damage)
             ... on level 3 of the Dungeon.
             The game lasted 00:09:07 (2011 turns).

Sirial the Chiller (Demonspawn Ice Elementalist)    Turns: 2011, Time: 00:09:07

Health: -1/30      AC:  2    Str:  9    XL:     4   Next: 35%
Magic:  8/8        EV: 14    Int: 17    God:
Gold:   201        SH:  0    Dex: 13    Spells: 1 memorised, 8 levels left

rFire  . . .     SeeInvis .     e - +0 dagger (venom)
rCold  . . .     Clarity  .     a - +0 robe
rNeg   . . .     SustAt   .     (no shield)
rPois  .         Gourm    .     (helmet restricted)
rElec  .         Spirit   .     (no cloak)
rCorr  .         Warding  .     (no gloves)
rMut   .         Stasis   .     (no boots)
MR     .....                    (no amulet)
Stlth  ++........               (no ring)
                                (no ring)

@: not resistant to hostile enchantments, unstealthy
A: horns 1, repulsion field 1, demonic guardian 2
a: no special abilities


You were on level 3 of the Dungeon.
You were not hungry.

You visited 1 branch of the dungeon, and saw 3 of its levels.

You collected 201 gold pieces.

Inventory:

Hand weapons
 d - a +2 vampiric dagger
 e - a +0 dagger of venom (weapon)
 j - a cursed -1 dagger
Missiles
 h - 10 arrows of dispersal
Armour
 a - a +0 robe (worn)
Jewellery
 f - an uncursed amulet of resist mutation {unknown}
Scrolls
 i - a scroll of immolation {unknown}
 k - a scroll of identify
Books
 b - a book of Frost

   Spells                             Type                      Level
   a - Freeze                         Ice                          1
   b - Throw Frost                    Conjuration/Ice              2
   c - Ozocubu's Armour               Charms/Ice                   3
   d - Throw Icicle                   Conjuration/Ice              4
   e - Summon Ice Beast               Ice/Summoning                4
   f - Condensation Shield            Ice                          4
Comestibles
 c - 3 bread rations
 g - 3 beef jerkies


   Skills:
 + Level 0.1 Short Blades
 + Level 2.5 Dodging
 + Level 2.1 Stealth
 + Level 3.0 Spellcasting
   Level 1.0 Conjurations
 + Level 3.3 Ice Magic


You had 8 spell levels left.
You knew the following spells:

 Your Spells              Type           Power        Failure   Level  Hunger
a - Freeze                Ice            ##..         4%          1    None


Dungeon Overview and Level Annotations

Branches:
Dungeon (3/15)

Altars:
Trog
Xom


Innate Abilities, Weirdness & Mutations

You are surrounded by a mild repulsion field (EV +2).
A demonic guardian rushes to your aid.
You have a pair of small horns on your head.


Message History

The gnoll completely misses you.
You hit the gnoll.
The gnoll looks even sicker.
The gnoll is severely wounded.
The gnoll hits you with a spear.
You hit the gnoll but do no damage.
The gnoll is almost dead.
You kill the gnoll!
The gnoll shouts!
You hear a shout!
The gnoll hits you from afar with a halberd!
* * * LOW HITPOINT WARNING * * *
The gnoll barely misses you.
You barely miss the gnoll. The gnoll hits you with a spear.
* * * LOW HITPOINT WARNING * * *
You barely miss the gnoll. Your headbutt misses the gnoll.
The gnoll misses you. The gnoll closely misses you.
You aren't carrying any potions.
You hit the gnoll.
The gnoll is poisoned.
The gnoll is moderately wounded.
The gnoll hits you from afar with a halberd.
You die...

### #.# #.###...## #.. ..#
#.##.....##### #.# #g#
#............. #.# #.#
#.##.....##### #.####g#
#.###...##
#.##.#.#######...#.#.#
#..........)...#.#.#.#
##.#.#.###g#####.#.#.####
##.##.##.##@#####........#
#(###....g..........#.##.#
##.##.##.##........>#.##.##
##.#.#.###..............)#
##...## ######...##.##..#
##.##########...##.##..#
#.....................#
#.##.#.....#..###.###.#
#.##.#.###.# .# #.# #.#


You could see 2 gnolls.

Vanquished Creatures
  A worker ant (D:3)
  2 gnolls (D:3)
  An adder (D:2)
  A worm (D:2)
  A giant gecko (D:2)
  2 orcs (D:3)
  A ball python (D:1)
  4 giant cockroaches
  8 goblins
  3 hobgoblins
  2 quokkas
  8 bats
  2 giant newts (D:2)
  A kobold (D:3)
  4 rats
41 creatures vanquished.

Vanquished Creatures (collateral kills)
  An orc (D:3)
1 creature vanquished.

Grand Total: 42 creatures vanquished

Notes
Turn   | Place    | Note
--------------------------------------------------------------
     0 | D:1      | Sirial the Demonspawn Ice Elementalist began the quest for the Orb.
     0 | D:1      | Reached XP level 1. HP: 13/13 MP: 3/3
   256 | D:1      | Gained mutation: You are surrounded by a mild repulsion field (EV +2). [demonic ancestry]
   256 | D:1      | Reached XP level 2. HP: 14/19 MP: 3/5
   395 | D:1      | Reached skill level 3 in Ice Magic
   893 | D:2      | Gained mutation: A weak demonic guardian rushes to your aid. [demonic ancestry]
   893 | D:2      | Reached XP level 3. HP: 8/24 MP: 2/6
   895 | D:2      | Gained mutation: You have a pair of small horns on your head. [potion of beneficial mutation]
  1608 | D:3      | Found a bloodstained altar of Trog.
  1678 | D:3      | Found a shimmering altar of Xom.
  1682 | D:3      | Found a shimmering altar of Xom.
  1690 | D:3      | Gained mutation: A demonic guardian rushes to your aid. [demonic ancestry]
  1690 | D:3      | Reached XP level 4. HP: 17/30 MP: 4/8
  1743 | D:3      | Found a shimmering altar of Xom.
  2009 | D:3      | HP: 1/30 [gnoll/spear (5)]
  2011 | D:3      | Slain by a gnoll

Vault maps used:
D:1:      minmay_arrival_diagonal_passages, serial_bayou_lagoon_a
D:3:      nicolae_overflow_crystal_walls, xom_redecorated

Action                   |  1- 3 |  4- 6 || total
-------------------------+-------+-------++-------
Melee: Dagger            |    56 |    20 ||    76
       Unarmed           |     2 |       ||     2
 Cast: Freeze            |    37 |     5 ||    42
  Use: Scroll            |     5 |     1 ||     6
       Potion            |     2 |       ||     2
 Stab: Sleeping          |       |     1 ||     1
  Eat: Meat ration       |     1 |       ||     1
